 Dungeon Crawl Stone Soup version 0.22.0-60-ga52c2fc (webtiles) character file.

49 Merlin the Magician (level 3, -4/28 HPs)
             Began as a Gnoll Wanderer on Sept 10, 2018.
             Slain by a worm (10 damage)
             ... on level 1 of the Dungeon.
             The game lasted 00:06:06 (1190 turns).

Merlin the Magician (Gnoll Wanderer)                Turns: 1190, Time: 00:06:08

Health: -4/28      AC:  2    Str: 11    XL:     3   Next: 77%
Magic:  4/9        EV: 11    Int: 17    God:
Gold:   36         SH:  0    Dex: 12    Spells: 3/12 levels left

rFire    . . .     SeeInvis .   g - +0 spear
rCold    . . .     Gourm    .   (no shield)
rNeg     . . .     Faith    .   e - +0 robe
rPois    .         Spirit   .   (no helmet)
rElec    .         Reflect  .   (no cloak)
rCorr    .         Harm     .   (no gloves)
MR       .....                  (no boots)
Stlth    +.........             (no amulet)
HPRegen  0.09/turn              k - -3 ring of strength (curse)
MPRegen  0.11/turn              j - ring of attention (curse)

@: very slightly contaminated
A: distributed training, fangs 1, strong nose
a: no special abilities


You were on level 1 of the Dungeon.
You were not hungry.

You visited 1 branch of the dungeon, and saw 2 of its levels.

You collected 36 gold pieces.

Inventory:

Hand Weapons
 b - a +0 shortbow
 g - a +0 spear (weapon)
Missiles
 c - 76 arrows
Armour
 a - a +0 plate armour
 e - a +0 robe (worn)
Jewellery
 j - a cursed ring of attention (right hand)
 k - a cursed -3 ring of strength (left hand)
Scrolls
 m - a scroll of random uselessness {unknown}
Potions
 h - a potion of cancellation {unknown}
 i - a potion of agility
 l - a potion of flight {unknown}
Comestibles
 f - 3 rations


   Skills:
 + Level 2.6 Fighting
 + Level 0.9 Short Blades
 + Level 0.9 Long Blades
 + Level 0.9 Axes
 + Level 0.9 Maces & Flails
 + Level 0.9 Polearms
 + Level 0.9 Staves
 + Level 0.9 Slings
 + Level 4.5 Bows
 + Level 0.9 Crossbows
 + Level 0.9 Throwing
 + Level 4.5 Armour
 + Level 0.9 Dodging
 + Level 2.4 Stealth
 + Level 0.9 Shields
 + Level 0.9 Unarmed Combat
 + Level 5.0 Spellcasting
 + Level 0.6 Conjurations
 + Level 0.6 Hexes
 + Level 0.6 Charms
 + Level 0.6 Summonings
 + Level 0.6 Necromancy
 + Level 0.6 Translocations
 + Level 0.6 Transmutations
 + Level 0.6 Fire Magic
 + Level 0.6 Ice Magic
 + Level 0.6 Air Magic
 + Level 0.6 Earth Magic
 + Level 2.1 Poison Magic
 + Level 1.0 Invocations
 + Level 2.6 Evocations


You had 3 spell levels left.
You knew the following spells:

 Your Spells              Type           Power        Failure   Level  Hunger
a - Sting                 Conj/Pois      #...         9%          1    None
b - Magic Dart            Conj           #...         11%         1    None
c - Blink                 Tloc           N/A          17%         2    #......
d - Call Imp              Summ           #.......     17%         2    #......
e - Mephitic Cloud        Conj/Pois/Air  #.......     26%         3    ###....

Your spell library contained the following spells:

 Spells                   Type           Power        Failure   Level  Hunger
 Slow                     Hex            #.......     17%         2    #......
 Spider Form              Tmut/Pois      #.........   24%         3    ###....
 Conjure Flame            Conj/Fire      #.......     32%         3    ###....


Dungeon Overview and Level Annotations

Branches:
Dungeon (2/15)

Altars:


Innate Abilities, Weirdness & Mutations

Your experience applies equally to all skills.
You have very sharp teeth.
Your uncanny sense of smell can sniff out nearby items.


Message History

The worm barely misses you.
You hit the worm.
The worm is moderately wounded.
You hit the worm.
The worm is heavily wounded.
The worm bites you.
You barely miss the worm.
The worm is moderately wounded.
The worm bites you!
* * * LOW HITPOINT WARNING * * *
Casting: Sting (safe; 9% risk of failure)
Confirm with . or Enter, or press ? or * to list all spells.
A beastly little devil appears in a puff of frigid air.
Casting: Call Imp (safe; 17% risk of failure)
Confirm with . or Enter, or press ? or * to list all spells.
You miscast Call Imp.
You are very lightly contaminated with residual magic.
Shadowy shapes form in the air around you, then vanish.
The worm bites you!
You die... ..[.....# #..# ######.# ........# ##.# #.# ........## #.# #.# .........# #.# #.# .....PPP.# #.## #.# ..P.≈P≈≈.# #..# #.# PPPPPP≈≈##

#..########.#
.P≈♣≈≈.≈#
##>w........#
♣≈≈≈PPP##
#5@........#
≈≈PP≈.##
##########.#
P≈P##### #.#
≈......## #.#
PP##....# #.#
PP##.##.##
#.#
P≈P#.##..#
#.#
♣≈P...P#.#
#.#
≈♣≈≈≈≈≈P.#
#.#


You could see a worm and a friendly white imp.

Vanquished Creatures
  A gnoll (D:1)
  An ooze (D:1)
  3 dart slugs (D:1)
  2 leopard geckos (D:1)
  A ball python (D:1)
  2 bats (D:1)
  3 giant cockroaches (D:1)
  3 goblins (D:1)
  4 jackals (D:1)
  A frilled lizard (D:1)
  5 rats (D:1)
  A plant (D:1)
27 creatures vanquished.

Notes
Turn   | Place    | Note
-------+----------+-------------------------------------------
     0 | D:1      | Merlin the Gnoll Wanderer began the quest for the Orb.
     0 | D:1      | Merlin set off with: a +0 shortbow, 28 arrows, a +0 robe, a
                  | ration
     0 | D:1      | Reached XP level 1. HP: 17/17 MP: 6/6
     7 | D:1      | Learned a level 1 spell: Sting
     9 | D:1      | Learned a level 1 spell: Magic Dart
    55 | D:1      | Reached XP level 2. HP: 15/23 MP: 7/7
   363 | D:1      | Reached XP level 3. HP: 23/28 MP: 9/9
   377 | D:1      | Learned a level 2 spell: Blink
   380 | D:1      | Learned a level 2 spell: Call Imp
   384 | D:1      | Learned a level 3 spell: Mephitic Cloud
   394 | D:1      | Reached skill level 5 in Spellcasting
   506 | D:1      | Reached skill level 1 in Invocations
  1190 | D:1      | Slain by a worm

Skill      XL: |  1  2  3 |
---------------+----------+-----
Poison Magic   | 2 |  2.1
Spellcasting   | 5 |  5.0
Invocations    | 1 |  1.0
Fighting       | |  2.6
Short Blades   | |  0.9
Long Blades    | |  0.9
Axes           | |  0.9
Maces & Flails | |  0.9
Polearms       | |  0.9
Staves         | |  0.9
Slings         | |  0.9
Bows           | |  4.5
Crossbows      | |  0.9
Throwing       | |  0.9
Armour         | |  4.5
Dodging        | |  0.9
Stealth        | |  2.4
Shields        | |  0.9
Unarmed Combat | |  0.9
Conjurations   | |  0.6
Hexes          | |  0.6
Charms         | |  0.6
Summonings     | |  0.6
Necromancy     | |  0.6
Translocations | |  0.6
Transmutations | |  0.6
Fire Magic     | |  0.6
Ice Magic      | |  0.6
Air Magic      | |  0.6
Earth Magic    | |  0.6
Evocations     | |  2.6

Action                   || total
-------------------------++-------
Melee: Spear             ||   152
       Bite              ||    13
 Fire: Shortbow          ||    49
 Cast: Sting             ||     7
       Magic Dart        ||     2
       Call Imp          ||     1
  Use: Scroll            ||     1
  Eat: Chunk             ||     1
Armor: Robe              ||    13
Dodge: Dodged            ||    35
